[Event "ICCopen2016"]
[Site "Internet Chess Club"]
[Date "2016.06.04"]
[Round "1"]
[White "ChampSeraph"]
[Black "GolfPro"]
[Result "1-0"]
[ICCResult "Black resigns"]
[WhiteElo "2710"]
[BlackElo "1781"]
[Opening "Nimzo-Indian: 4.e3, main line with 7...Nc6"]
[ECO "E56"]
[NIC "NI.05"]
[Time "14:02:34"]
[TimeControl "180+0"]

1. d4 Nf6 2. Nf3 e6 3. c4 Bb4+ 4. Nc3 O-O 5. e3 c5 6. Bd3 d5 7. O-O Nc6 8.
cxd5 exd5 9. a3 Bxc3 10. bxc3 c4 11. Bc2 Bg4 12. h3 Bh5 13. g4 Bg6 14. Ne5
Bxc2 15. Qxc2 Nxe5 16. dxe5 Ne4 17. f3 Nc5 18. f4 Qh4 19. Qg2 Rfd8 20. Bd2
Ne4 21. Be1 Qe7 22. Rd1 Qxa3 23. Bh4 Rd7 24. f5 Nxc3 25. e6 Nxd1 26. exd7
Nxe3 27. Qf3 Nxf1 28. Qxa3 d4 29. Qe7 h6 30. Qe8+ Rxe8 31. dxe8=Q+ Kh7 32.
Qxf7 c3 33. Bf6 {Black resigns} 1-0

[Event "ICCopen2016"]
[Site "Internet Chess Club"]
[Date "2016.06.04"]
[Round "1"]
[White "RJoseph12"]
[Black "eltigrecu"]
[Result "0-1"]
[ICCResult "White checkmated"]
[WhiteElo "1324"]
[BlackElo "2067"]
[Opening "Sicilian: Alapin's variation (2.c3)"]
[ECO "B22"]
[NIC "SI.46"]
[Time "14:01:38"]
[TimeControl "180+0"]

1. e4 c5 2. c3 Nc6 3. d4 cxd4 4. cxd4 d5 5. e5 Bf5 6. Nf3 e6 7. Nc3 Bb4 8.
Bd2 Nge7 9. Bb5 O-O 10. O-O h6 11. Ba4 Qa5 12. Bc2 Bxc2 13. Qxc2 Rac8 14. a3
Bxc3 15. Bxc3 Qb6 16. Qd2 Nf5 17. Rac1 Rc7 18. b4 Rfc8 19. a4 Nxb4 20. Bxb4
Rxc1 21. Rxc1 Rxc1+ 22. Qxc1 Qxb4 23. Qc8+ Kh7 24. Qc2 g6 25. h3 Nxd4 26.
Nxd4 Qe1+ 27. Kh2 Qxe5+ 28. Kg1 Qxd4 29. Qc7 Kg7 30. Qxb7 Qa1+ 31. Kh2 Qxa4
32. Qb2+ d4 33. Kg1 a5 34. Kf1 Qd1# {White checkmated} 0-1

[Event "ICCopen2016"]
[Site "Internet Chess Club"]
[Date "2016.06.04"]
[Round "1"]
[White "PazificDreams"]
[Black "GarayPinoy"]
[Result "1-0"]
[ICCResult "Black resigns"]
[WhiteElo "2692"]
[BlackElo "1755"]
[Opening "Réti opening"]
[ECO "A04"]
[NIC "QP.10"]
[Time "14:02:31"]
[TimeControl "180+0"]

1. Nf3 c5 2. d4 cxd4 3. Nxd4 Nc6 4. c4 g6 5. g3 Bg7 6. Nc2 d6 7. Bg2 Bd7 8.
Nc3 Nf6 9. O-O O-O 10. b3 Rc8 11. Bb2 Ne8 12. Qd2 Nc7 13. Rfd1 Ne8 14. Rac1
Nc7 15. Ne3 Be6 16. Ba1 Ne5 17. Bxb7 Rb8 18. Bg2 h5 19. Ned5 Bxd5 20. Nxd5
Nxd5 21. Qxd5 Qb6 22. Bd4 Qc7 23. c5 dxc5 24. Rxc5 {Black resigns} 1-0

[Event "ICCopen2016"]
[Site "Internet Chess Club"]
[Date "2016.06.04"]
[Round "1"]
[White "Ancient"]
[Black "HeyBooBooULose"]
[Result "1-0"]
[ICCResult "Black checkmated"]
[WhiteElo "2060"]
[BlackElo "1323"]
[Opening "Scandinavian (center counter) defense"]
[ECO "B01"]
[NIC "SD.01"]
[Time "14:02:24"]
[TimeControl "180+0"]

1. e4 d5 2. exd5 Qxd5 3. Nc3 Qa5 4. Bc4 Nf6 5. Nge2 Bg4 6. O-O Nc6 7. d3
O-O-O 8. Bd2 Qh5 9. f3 Qc5+ 10. Kh1 Bh5 11. Ng3 e6 12. Nxh5 Nxh5 13. Qe1 Bd6
14. Ne4 Qe5 15. Nxd6+ Qxd6 16. Qh4 g6 17. Rab1 a6 18. a4 Ne5 19. b3 f6 20.
Bc3 Ng7 21. f4 Nxc4 22. bxc4 Nf5 23. Qxf6 Rhf8 24. Qe5 Qc6 25. a5 h5 26. Rb3
h4 27. Re1 h3 28. Qxe6+ Qxe6 29. Rxe6 hxg2+ 30. Kxg2 Nh4+ 31. Kg3 Nf5+ 32.
Kf2 Rh8 33. Rxg6 Rxh2+ 34. Rg2 Rh3 35. Be5 Nh4 36. Rg7 Rd7 37. Rxd7 Kxd7 38.
Rxb7 Rh2+ 39. Kg3 Rxc2 40. Rxc7+ Ke6 41. Kxh4 Rd2 42. Rc6+ Kf5 43. Rf6#
{Black checkmated}
1-0

[Event "ICCopen2016"]
[Site "Internet Chess Club"]
[Date "2016.06.04"]
[Round "1"]
[White "Red-white"]
[Black "chessrex"]
[Result "1-0"]
[ICCResult "Black resigns"]
[WhiteElo "3056"]
[BlackElo "1921"]
[Opening "Philidor: Philidor counter-gambit"]
[ECO "C41"]
[NIC "KP.08"]
[Time "14:02:18"]
[TimeControl "180+0"]

1. e4 e5 2. Nf3 d6 3. d4 f5 4. exf5 e4 5. Nfd2 Nf6 6. Nc4 Bxf5 7. Ne3 Bg6 8.
c4 Be7 9. Nc3 O-O 10. Be2 c6 11. O-O Kh8 12. d5 c5 13. b3 Nbd7 14. Bb2 Ne5
15. f4 exf3 16. Bxf3 Nxf3+ 17. Qxf3 Ne4 18. Qe2 Nxc3 19. Bxc3 Bf6 20. Bxf6
Rxf6 21. Ng4 Bh5 22. Rxf6 Bxg4 23. Qxg4 Qxf6 24. Rf1 Qe7 25. Qe6 Qxe6 26.
dxe6 Re8 27. Rf7 Kg8 28. Rxb7 Rxe6 29. Rxa7 Re2 30. h3 Kf8 31. Kh2 Rd2 32.
h4 d5 33. cxd5 Rxd5 34. Ra4 Ke7 35. Kg3 Kf6 36. Kf4 Rd4+ 37. Rxd4 cxd4 38.
Ke4 {Black resigns} 1-0

[Event "ICCopen2016"]
[Site "Internet Chess Club"]
[Date "2016.06.04"]
[Round "1"]
[White "rookfish"]
[Black "mikado"]
[Result "0-1"]
[ICCResult "White resigns"]
[WhiteElo "1163"]
[BlackElo "1968"]
[Opening "Sicilian defense"]
[ECO "B30"]
[NIC "SI.31"]
[Time "14:01:54"]
[TimeControl "180+0"]

1. e4 c5 2. Nf3 Nc6 3. Bc4 e6 4. O-O Nf6 5. d3 d5 6. e5 Nd7 7. Bb3 Ndxe5 8.
Nxe5 Nxe5 9. Re1 Bd6 10. Bf4 Nc6 11. Bxd6 Qxd6 12. Nc3 O-O 13. Qh5 a6 14.
Re3 Nd4 15. Rh3 h6 16. Re1 Qf4 17. g3 Qg5 18. Qxg5 hxg5 19. f4 g4 20. Rh4
Nf3+ {White resigns} 0-1

[Event "ICCopen2016"]
[Site "Internet Chess Club"]
[Date "2016.06.04"]
[Round "1"]
[White "Sebs"]
[Black "waynerooney"]
[Result "1-0"]
[ICCResult "Black resigns"]
[WhiteElo "3032"]
[BlackElo "1911"]
[Opening "QGD: exchange, positional line"]
[ECO "D35"]
[NIC "QO.16"]
[Time "14:02:05"]
[TimeControl "180+0"]

1. d4 d5 2. c4 e6 3. Nc3 Nf6 4. cxd5 exd5 5. Bg5 Be7 6. e3 O-O 7. Bd3 c5 8.
Nge2 b6 9. O-O Bb7 10. Rc1 Nbd7 11. Bb1 h6 12. Bh4 Rc8 13. a3 a6 14. Qd3 Ne4
15. Bxe7 Qxe7 16. Rfd1 Qh4 17. Nxe4 dxe4 18. Qb3 Rc6 19. Ng3 Rg6 20. dxc5
Nxc5 21. Rxc5 bxc5 22. Qxb7 f5 23. Qd5+ Kh8 24. Qxc5 Qg4 25. Qxf8+ Kh7 26.
Rd8 Rc6 27. Qg8+ Kg6 28. h3 Rc1+ 29. Kh2 Qg5 30. Rd6+ Qf6 31. Rxf6+ Kxf6 32.
Qf8+ {Black resigns} 1-0

[Event "ICCopen2016"]
[Site "Internet Chess Club"]
[Date "2016.06.04"]
[Round "1"]
[White "QuieroAprender"]
[Black "anitak"]
[Result "0-1"]
[ICCResult "White checkmated"]
[WhiteElo "1348"]
[BlackElo "2083"]
[Opening "Caro-Kann defense"]
[ECO "B10"]
[NIC "CK.01"]
[Time "14:01:55"]
[TimeControl "180+0"]

1. e4 c6 2. Nf3 d5 3. d4 dxe4 4. Ng5 Nf6 5. Qe2 Bf5 6. Nd2 Qxd4 7. c3 Qd5 8.
b4 h6 9. Nh3 Bxh3 10. gxh3 e6 11. Bg2 Nbd7 12. Nxe4 Nxe4 13. Bxe4 Qe5 14.
Bb2 Qf4 15. Bc1 Qh4 16. Bb2 Be7 17. O-O-O O-O-O 18. a4 Nb6 19. a5 Nd5 20. f3
Bf6 21. Bxd5 exd5 22. Qe3 Bg5 23. f4 Bxf4 24. Qd2 Rhe8 25. Kc2 Bxd2 26. Rxd2
Qxh3 27. Rhd1 Re3 28. c4 Qf5+ 29. Kc1 Rb3 30. Bxg7 Qb1# {White checkmated}
0-1

[Event "ICCopen2016"]
[Site "Internet Chess Club"]
[Date "2016.06.04"]
[Round "1"]
[White "LastKeks"]
[Black "Chaos23"]
[Result "1-0"]
[ICCResult "Black resigns"]
[WhiteElo "3081"]
[BlackElo "1927"]
[Opening "French: advance, Paulsen attack"]
[ECO "C02"]
[NIC "FR.03"]
[Time "14:02:45"]
[TimeControl "180+0"]

1. e4 e6 2. d4 d5 3. e5 c5 4. c3 Nc6 5. Nf3 Qb6 6. a3 c4 7. g3 Na5 8. Nbd2
Nh6 9. h4 Be7 10. Bh3 Nf5 11. h5 g5 12. hxg6 hxg6 13. Kf1 Bd7 14. Kg2 O-O-O
15. Rb1 Nb3 16. Nxb3 cxb3 17. Bg5 Bxg5 18. Nxg5 Be8 19. Bxf5 Rxh1 20. Bxe6+
Qxe6 21. Qxh1 Qf5 22. Qh3 Bd7 23. Qxf5 Bxf5 24. Rh1 Rf8 25. f3 Kd7 26. g4
Bd3 27. Kg3 Ke7 28. Rh7 Ke8 29. Nh3 Ke7 30. Nf4 Rd8 31. Nxd3 {Black resigns}
1-0

[Event "ICCopen2016"]
[Site "Internet Chess Club"]
[Date "2016.06.04"]
[Round "1"]
[White "geemurfi"]
[Black "Kalmyk"]
[Result "0-1"]
[ICCResult "White resigns"]
[WhiteElo "1887"]
[BlackElo "2971"]
[Opening "Sicilian"]
[ECO "B50"]
[NIC "SI.01"]
[Time "14:02:28"]
[TimeControl "180+0"]

1. e4 c5 2. Nf3 d6 3. Nc3 a6 4. a4 g6 5. e5 dxe5 6. Nxe5 Bg7 7. Nc4 Nf6 8.
g3 Bd7 9. Bg2 Bc6 10. f3 O-O 11. O-O Nbd7 12. a5 Qc7 13. Re1 Rfe8 14. d3 Nd5
15. Ne4 h6 16. Qe2 Rad8 17. c3 Kh7 18. Bd2 Bb5 19. Ne3 N5f6 20. c4 Bc6 21.
Bc3 e6 22. Rad1 Nxe4 23. Bxg7 Nxg3 24. hxg3 Kxg7 25. f4 Nf6 26. Ng4 Nxg4 27.
Qxg4 Bxg2 28. Kxg2 Qxa5 29. Rh1 Qb6 30. Qf3 Qxb2+ 31. Kh3 Rd7 32. g4 Red8
33. f5 exf5 34. gxf5 g5 35. f6+ Qxf6 36. Rhf1 Qxf3+ 37. Rxf3 b5 38. cxb5
axb5 39. Rb1 Rxd3 {White resigns} 0-1

[Event "ICCopen2016"]
[Site "Internet Chess Club"]
[Date "2016.06.04"]
[Round "1"]
[White "Blockader"]
[Black "HuevosDeLeon"]
[Result "0-1"]
[ICCResult "White resigns"]
[WhiteElo "1744"]
[BlackElo "2657"]
[Opening "Queen's gambit accepted"]
[ECO "D20"]
[NIC "QG.03"]
[Time "14:02:09"]
[TimeControl "180+0"]

1. d4 d5 2. c4 dxc4 3. Nc3 a6 4. a4 Nc6 5. e3 e5 6. dxe5 Qxd1+ 7. Nxd1 Nxe5
8. Nf3 Nxf3+ 9. gxf3 Be6 10. h4 O-O-O 11. Nc3 Nf6 12. Bh3 Bxh3 13. Rxh3 Bb4
14. Bd2 Rd3 15. O-O-O Rhd8 16. Nb1 a5 17. Rhh1 Nd5 18. Bxb4 Nxb4 19. Nc3 c6
20. Rhf1 Kc7 21. Rxd3 Nxd3+ 22. Kc2 Nb4+ 23. Kc1 Rd6 24. f4 Rh6 25. Rh1 Nd3+
26. Kc2 Nxf2 27. Rh2 Ng4 28. Rh3 Rd6 29. Ne4 Rd3 30. Nd2 Nxe3+ 31. Kc1 b5
32. axb5 cxb5 33. f5 Nxf5 34. Rxd3 cxd3 35. h5 Ng3 36. h6 gxh6 37. Nf3 Ne4
38. Ne5 d2+ 39. Kc2 f5 40. Nf3 h5 41. Nh4 f4 42. Nf3 a4 43. Kd1 b4 44. Kc2
a3 45. bxa3 bxa3 46. Nd4 a2 47. Nb3 f3 {White resigns} 0-1

[Event "ICCopen2016"]
[Site "Internet Chess Club"]
[Date "2016.06.04"]
[Round "1"]
[White "mrquinn"]
[Black "BISPOMAU"]
[Result "0-1"]
[ICCResult "White checkmated"]
[WhiteElo "1364"]
[BlackElo "2103"]
[Opening "Old Benoni defense"]
[ECO "A43"]
[NIC "OI.08"]
[Time "14:02:52"]
[TimeControl "180+0"]

1. d4 c5 2. d5 Nf6 3. Nc3 d6 4. e4 g6 5. f4 Bg7 6. Bb5+ Bd7 7. Bxd7+ Qxd7 8.
Nf3 O-O 9. e5 dxe5 10. fxe5 Ng4 11. Bf4 Qf5 12. Qd2 Nxe5 13. Nxe5 Bxe5 14.
O-O Bxf4 15. Rxf4 Qg5 16. Qf2 Nd7 17. Ne4 Qe5 18. c3 Rad8 19. Re1 Qxd5 20.
Kh1 Ne5 21. Nxc5 b6 22. Ne4 Nd3 23. Qe2 Nxf4 24. Qf3 Nd3 25. Re3 Ne5 26. Qf2
Ng4 27. Qd2 Nxe3 28. Qxd5 Rxd5 29. g3 Rd1# {White checkmated} 0-1

[Event "ICCopen2016"]
[Site "Internet Chess Club"]
[Date "2016.06.04"]
[Round "1"]
[White "YoureFired"]
[Black "VrloJakMK"]
[Result "0-1"]
[ICCResult "White resigns"]
[WhiteElo "1502"]
[BlackElo "2130"]
[Opening "French: advance, Paulsen attack"]
[ECO "C02"]
[NIC "FR.03"]
[Time "14:01:43"]
[TimeControl "180+0"]

1. e4 e6 2. d4 d5 3. e5 c5 4. c3 Nc6 5. Nf3 Qb6 6. a3 a5 7. Be2 Bd7 8. O-O
cxd4 9. cxd4 Nge7 10. Nc3 Nf5 11. Be3 h5 12. Qd3 Be7 13. h3 a4 14. Qb5 Qa7
15. Qd3 Qb6 16. Qb5 Qa7 17. Qd3 Qb8 18. Rfc1 Na5 19. Nb5 Nb3 20. Nc7+ Kf8
21. Nxa8 Nxa1 22. Nb6 Be8 23. Rxa1 Qa7 24. Nxd5 Nxe3 25. Nxe3 g5 26. Nc4 Bb5
27. Qe4 Bc6 28. Qe3 g4 29. Ng5 Rg8 30. Nh7+ Ke8 31. Nf6+ Bxf6 32. exf6 Bd5
33. Nd6+ Kd7 34. Qe5 Rf8 35. Bb5+ Kc7 36. Rc1+ Kb6 37. Bd7 Qb8 38. Qe3 Qxd6
{White resigns}
0-1

[Event "ICCopen2016"]
[Site "Internet Chess Club"]
[Date "2016.06.04"]
[Round "1"]
[White "Hell-Rell"]
[Black "HEM"]
[Result "1-0"]
[ICCResult "Black forfeits on time"]
[WhiteElo "2199"]
[BlackElo "1516"]
[Opening "Sicilian: Taimanov (Bastrikov) variation"]
[ECO "B47"]
[NIC "SI.40"]
[Time "14:02:31"]
[TimeControl "180+0"]

1. e4 c5 2. Nf3 e6 3. d4 cxd4 4. Nxd4 Nc6 5. Nc3 Qc7 6. Be2 a6 7. O-O Nf6 8.
Kh1 Nxd4 9. Qxd4 Bc5 10. Qd1 b5 11. f3 Bb7 12. Bg5 Bb4 13. Bxf6 gxf6 14. Qd4
Bxc3 15. bxc3 Qe5 16. Qxe5 fxe5 17. a4 Bc6 18. axb5 axb5 19. Rxa8+ Bxa8 20.
Bxb5 Ke7 21. Rd1 Rd8 22. Kg1 d5 23. exd5 exd5 24. Kf2 Rc8 25. c4 d4 26. Ra1
Bc6 27. Ra7+ Ke6 28. Ra6 Kd6 29. Ra2 Bxb5 30. cxb5 Kc5 31. Rb2 Rb8 32. Ke2
Rxb5 33. Rxb5+ Kxb5 34. Kd3 Kc5 35. Ke4 Kc4 36. Kxe5 {Black forfeits on
time} 1-0

[Event "ICCopen2016"]
[Site "Internet Chess Club"]
[Date "2016.06.04"]
[Round "1"]
[White "NAS"]
[Black "kingmate"]
[Result "0-1"]
[ICCResult "White resigns"]
[WhiteElo "1630"]
[BlackElo "2428"]
[Opening "French: classical, Rubinstein variation"]
[ECO "C14"]
[NIC "FR.06"]
[Time "14:01:46"]
[TimeControl "180+0"]

1. e4 e6 2. d4 d5 3. Nc3 Nf6 4. Bg5 Be7 5. e5 Nfd7 6. Bxe7 Qxe7 7. Qd2 O-O
8. f4 c5 9. Nf3 Nc6 10. Be2 f6 11. exf6 Qxf6 12. dxc5 Qxf4 13. O-O-O Qxd2+
14. Rxd2 Nxc5 15. Nb5 Bd7 16. Nbd4 Nxd4 17. Nxd4 Rfe8 18. Rf1 Rac8 19. Bg4
Ne4 20. Re2 Re7 21. Bf3 Nf6 22. Nf5 Rf7 23. Nd6 Rc7 24. Nxf7 Kxf7 25. Rfe1
b5 26. Re5 a5 27. b3 b4 28. Kb2 Rc5 29. g4 Ne8 30. g5 g6 31. h4 Ng7 32. Bg4
Ke7 33. Bf3 Kd6 34. Bg4 Rc8 35. Be2 Rf8 36. Bd3 Rf4 37. c4 bxc3+ 38. Kxc3
Rxh4 39. Kb2 Rh3 40. Bc2 Rh2 41. R5e2 Rxe2 42. Rxe2 e5 43. Rh2 Nh5 44. Bd1
Nf4 45. Rxh7 e4 46. Rh2 Bf5 47. Be2 d4 48. Bc4 Ke5 49. Rf2 e3 50. Rf1 d3 51.
Bxd3 Nxd3+ 52. Ka3 e2 53. Rg1 e1=Q 54. Rxe1+ Nxe1 {White resigns} 0-1

[Event "ICCopen2016"]
[Site "Internet Chess Club"]
[Date "2016.06.04"]
[Round "1"]
[White "Astigmatist"]
[Black "BlackHorse96"]
[Result "0-1"]
[ICCResult "White resigns"]
[WhiteElo "1949"]
[BlackElo "3195"]
[Opening "Alekhine's defense: Scandinavian variation"]
[ECO "B02"]
[NIC "AL.10"]
[Time "14:02:16"]
[TimeControl "180+0"]

1. e4 Nf6 2. Nc3 d5 3. e5 Nfd7 4. f4 e6 5. Nf3 c5 6. g3 Nc6 7. Bg2 Be7 8.
O-O O-O 9. d3 f6 10. exf6 Bxf6 11. Re1 Re8 12. Bd2 Rb8 13. a4 a6 14. Kh1 b5
15. axb5 axb5 16. Qe2 b4 17. Nd1 Nf8 18. Ra2 b3 19. cxb3 Rxb3 20. Bc3 Nb4
21. Bxf6 Qxf6 22. Ra3 Rxa3 23. bxa3 Nc6 24. Ne5 Nxe5 25. Qxe5 Qxe5 26. Rxe5
Bd7 27. Nc3 Rb8 28. h4 Rb3 29. Nxd5 Rb1+ 30. Kh2 exd5 31. Bxd5+ Kh8 32. Bc4
Rb2+ 33. Kg1 g6 34. Rxc5 Kg7 35. Rc7 Kf6 36. d4 Kf5 37. Rc5+ Ke4 38. d5 Kd4
39. Rc7 Rc2 {White resigns} 0-1

[Event "ICCopen2016"]
[Site "Internet Chess Club"]
[Date "2016.06.04"]
[Round "1"]
[White "zelog"]
[Black "Smokie"]
[Result "1-0"]
[ICCResult "Black resigns"]
[WhiteElo "2144"]
[BlackElo "1400"]
[Opening "English: symmetrical variation"]
[ECO "A38"]
[NIC "EO.64"]
[Time "14:02:42"]
[TimeControl "180+0"]

1. c4 c5 2. g3 Nc6 3. Bg2 g6 4. Nf3 Bg7 5. O-O Nf6 6. Nc3 d6 7. d3 O-O 8.
Rb1 Rb8 9. a3 a6 10. b4 Ng4 11. Bd2 cxb4 12. axb4 b5 13. cxb5 axb5 14. Qc1
Nce5 15. Bh6 Nxf3+ 16. Bxf3 Nxh6 17. Qd2 Bxc3 18. Qxc3 Be6 19. h4 Rc8 20.
Qd2 Qb6 21. Qxh6 Rc2 22. h5 Rfc8 23. hxg6 fxg6 24. Kg2 Qd4 25. Rh1 Qg7 26.
Qe3 Bd7 27. Ra1 h5 28. Ra7 Rd8 29. Qb6 e5 30. Qxd8+ {Black resigns} 1-0

[Event "ICCopen2016"]
[Site "Internet Chess Club"]
[Date "2016.06.04"]
[Round "1"]
[White "chigamaster"]
[Black "EeEk"]
[Result "1-0"]
[ICCResult "Black resigns"]
[WhiteElo "2990"]
[BlackElo "1905"]
[Opening "French: Tarrasch, closed variation, main line"]
[ECO "C06"]
[NIC "FR.17"]
[Time "14:02:08"]
[TimeControl "180+0"]

1. e4 e6 2. d4 d5 3. Nd2 Nf6 4. e5 Nfd7 5. c3 c5 6. Bd3 Nc6 7. Ne2 cxd4 8.
cxd4 f6 9. exf6 Qxf6 10. O-O Bd6 11. Nf3 h6 12. Ng3 O-O 13. Bd2 Rf7 14. Bc3
Nf8 15. Qe2 Bd7 16. Bb5 g5 17. Bxc6 Bxc6 18. Ne5 Bxe5 19. dxe5 Qg6 20. Rad1
g4 21. Qe3 h5 22. Ne2 h4 23. Nd4 Nh7 24. Qd3 Qh6 25. Bd2 Ng5 26. Bxg5 Qxg5
27. Nxe6 Qh6 28. Nd4 Raf8 29. e6 Rg7 30. Nf5 {Black resigns} 1-0

[Event "ICCopen2016"]
[Site "Internet Chess Club"]
[Date "2016.06.04"]
[Round "1"]
[White "DaveyJones"]
[Black "fviana"]
[Result "0-1"]
[ICCResult "White resigns"]
[WhiteElo "1499"]
[BlackElo "2195"]
[Opening "English: symmetrical, main line with d4"]
[ECO "A39"]
[NIC "EO.26"]
[Time "14:02:02"]
[TimeControl "180+0"]

1. c4 c5 2. Nc3 Nc6 3. Nf3 g6 4. g3 Bg7 5. Bg2 Nf6 6. O-O O-O 7. d4 cxd4 8.
Nxd4 Nxd4 9. Qxd4 d6 10. Qd1 Qc7 11. Qb3 Be6 12. Nd5 Bxd5 13. cxd5 Nd7 14.
Be3 Nc5 15. Bxc5 Qxc5 16. Rac1 Qd4 17. Rfd1 Qxb2 18. Qxb2 Bxb2 19. Rb1 Bf6
20. Rxb7 a5 21. e4 a4 22. Bf1 a3 23. Rdb1 Rfc8 24. Kg2 Rc2 25. Rb8+ Rxb8 26.
Rxb8+ Kg7 27. Ra8 Rxa2 28. Bc4 Ra1 29. h4 Bb2 30. Ra7 Rc1 31. Bb3 Kf6 32.
Ra6 Rc3 33. Ba2 Rc2 34. Bb3 Rd2 35. Kf3 Bd4 36. Rxa3 Rxf2+ 37. Kg4 h5+ 38.
Kh3 Rf3 39. Bd1 Rxa3 {White resigns} 0-1

[Event "ICCopen2016"]
[Site "Internet Chess Club"]
[Date "2016.06.04"]
[Round "1"]
[White "ChAn"]
[Black "NoPrep"]
[Result "0-1"]
[ICCResult "White resigns"]
[WhiteElo "1516"]
[BlackElo "2203"]
[Opening "Sicilian: Najdorf, 7.f4"]
[ECO "B96"]
[NIC "SI.04"]
[Time "14:02:28"]
[TimeControl "180+0"]

1. e4 c5 2. Nf3 d6 3. d4 cxd4 4. Nxd4 Nf6 5. Nc3 a6 6. Bg5 e6 7. f4 h6 8.
Bh4 Qb6 9. Nb3 Be7 10. Bf2 Qc7 11. Be2 Nc6 12. O-O b5 13. Bf3 Bb7 14. Qe2
O-O 15. Rad1 Nd7 16. f5 Nce5 17. Nd4 Nc5 18. Kh1 b4 19. Nb1 Nxf3 20. gxf3 d5
21. Bg3 e5 22. Nb3 dxe4 23. Nxc5 exf3 24. Qxe5 Qxe5 25. Bxe5 Bxc5 26. h4
Rae8 27. Bc7 Re2 28. c3 Rfe8 29. cxb4 Bxb4 30. Nc3 Bxc3 31. bxc3 Rxa2 32.
Bf4 Ree2 33. Rg1 f2+ {White resigns} 0-1

[Event "ICCopen2016"]
[Site "Internet Chess Club"]
[Date "2016.06.04"]
[Round "1"]
[White "forkball"]
[Black "plotkin"]
[Result "0-1"]
[ICCResult "White resigns"]
[WhiteElo "1577"]
[BlackElo "2314"]
[Opening "Queen's pawn: stonewall attack"]
[ECO "D00"]
[NIC "QP.08"]
[Time "14:02:55"]
[TimeControl "180+0"]

1. d4 d5 2. e3 Nf6 3. Bd3 c5 4. c3 Nc6 5. f4 Ne4 6. Nd2 f5 7. Ngf3 e6 8. O-O
Bd6 9. Ne5 O-O 10. Nxe4 fxe4 11. Be2 cxd4 12. exd4 Nxe5 13. fxe5 Be7 14. Be3
Bd7 15. Bg4 Qb6 16. Qd2 Bb5 17. Be2 Bxe2 18. Qxe2 Rxf1+ 19. Rxf1 Rf8 20.
Rxf8+ Bxf8 21. a4 h6 22. b4 Qc6 23. Bd2 Qxa4 24. Qg4 Kh7 25. Kf2 Qe8 26. h4
Qg6 27. Qh3 Qf5+ 28. Ke2 Qxh3 29. gxh3 Kg6 30. Kf2 Kh5 31. Kg3 Be7 32. Kf2
Bxh4+ 33. Ke2 Bg5 34. Bxg5 Kxg5 {White resigns} 0-1

[Event "ICCopen2016"]
[Site "Internet Chess Club"]
[Date "2016.06.04"]
[Round "1"]
[White "Ajolote"]
[Black "The7thGuest"]
[Result "0-1"]
[ICCResult "White checkmated"]
[WhiteElo "1460"]
[BlackElo "2168"]
[Opening "Sicilian: closed, Korchnoi variation"]
[ECO "B23"]
[NIC "SI.44"]
[Time "14:01:52"]
[TimeControl "180+0"]

1. e4 c5 2. Nc3 e6 3. g3 d5 4. Bg2 d4 5. Nce2 Nc6 6. d3 Nf6 7. f4 e5 8. Nf3
exf4 9. Bxf4 Bg4 10. O-O Be7 11. h3 Bc8 12. g4 h6 13. Bg3 Be6 14. Qd2 Qd7
15. Nf4 O-O-O 16. Nxe6 fxe6 17. a3 Rdf8 18. Rf2 Bd8 19. Raf1 Bc7 20. Bh2
Bxh2+ 21. Nxh2 e5 22. Nf3 Qe7 23. Qe2 g5 24. Nh2 Nd7 25. Rxf8+ Rxf8 26.
Rxf8+ Qxf8 27. Qf2 Qxf2+ 28. Kxf2 Nf6 29. Kg3 Kc7 30. h4 Ne7 31. hxg5 hxg5
32. Nf3 Nh7 33. Bh3 Nc6 34. Kf2 Kd6 35. Ke2 b5 36. Kd2 a5 37. Kc1 c4 38. Kd2
Kc5 39. Ke2 b4 40. axb4+ axb4 41. Kd2 c3+ 42. bxc3 dxc3+ 43. Kd1 Kb5 44. Kc1
Ka4 45. Kb1 Ka3 46. Bf1 b3 47. Bg2 Nb4 48. Nxe5 bxc2+ 49. Kc1 Kb3 50. Nc4
Na2# {White checkmated} 0-1

[Event "ICCopen2016"]
[Site "Internet Chess Club"]
[Date "2016.06.04"]
[Round "1"]
[White "KidRattler"]
[Black "Panesso"]
[Result "0-1"]
[ICCResult "White checkmated"]
[WhiteElo "1543"]
[BlackElo "2236"]
[Opening "Sicilian: closed"]
[ECO "B23"]
[NIC "SI.44"]
[Time "14:02:07"]
[TimeControl "180+0"]

1. e4 c5 2. Nc3 g6 3. d3 Bg7 4. f4 b6 5. Nf3 Bb7 6. Be3 d6 7. Be2 e6 8. a3
Ne7 9. Rb1 O-O 10. O-O Nbc6 11. g3 d5 12. d4 cxd4 13. Nxd4 dxe4 14. Nxc6
Bxc6 15. Qxd8 Rfxd8 16. Rbd1 Nf5 17. Rxd8+ Rxd8 18. Bc1 Bd4+ 19. Kg2 h5 20.
Kh3 Ne3 21. Bxe3 Bxe3 22. Nd1 Bd2 23. Nf2 e3 24. Nd3 Be4 25. g4 Bxd3 26.
Bxd3 Rxd3 27. cxd3 e2 28. Rh1 hxg4+ 29. Kxg4 e1=Q 30. Rxe1 Bxe1 31. h3 Kg7
32. b3 f5+ 33. Kf3 Kf6 34. Ke3 e5 35. h4 exf4+ 36. Kxf4 Bxh4 37. d4 Bg5+ 38.
Kf3 Ke6 39. Ke2 Kd5 40. Kd3 Bf4 41. b4 b5 42. a4 bxa4 43. b5 a3 44. Kc3 Bc1
45. Kb3 g5 46. Ka2 g4 47. Kb3 g3 48. b6 axb6 49. Ka4 g2 50. Kb5 a2 51. Kb4
a1=Q 52. Kb5 Qb2+ 53. Ka6 Qxd4 54. Kb7 b5 55. Kc7 Qa7+ 56. Kc8 Kd6 57. Kd8
Qa8# {White checkmated} 0-1

[Event "ICCopen2016"]
[Site "Internet Chess Club"]
[Date "2016.06.04"]
[Round "1"]
[White "minke"]
[Black "blitzmaniac"]
[Result "0-1"]
[ICCResult "White resigns"]
[WhiteElo "1816"]
[BlackElo "2828"]
[Opening "Caro-Kann: advance variation"]
[ECO "B12"]
[NIC "CK.02"]
[Time "14:02:23"]
[TimeControl "180+0"]

1. e4 d5 2. d4 c6 3. e5 c5 4. c3 Nc6 5. Nf3 Bg4 6. Be2 e6 7. O-O Bxf3 8.
Bxf3 cxd4 9. cxd4 Qb6 10. Kh1 Qxd4 11. Qb3 Qb4 12. Qe3 Bc5 13. Qf4 Qxf4 14.
Bxf4 Nge7 15. Kg1 Ng6 16. Bg3 Ngxe5 17. Be2 O-O 18. Nc3 Bd4 19. Rac1 a6 20.
Rfd1 Nd7 21. Na4 Be5 22. Bh4 Nd4 23. Kf1 Rfc8 24. Bd3 b5 25. Nc3 Nc5 26. Bg3
Bf6 27. Bd6 Nxd3 28. Rxd3 Rc6 29. Ba3 a5 30. b3 b4 {White resigns} 0-1

[Event "ICCopen2016"]
[Site "Internet Chess Club"]
[Date "2016.06.04"]
[Round "1"]
[White "Shafkat"]
[Black "mdrasko"]
[Result "0-1"]
[ICCResult "White forfeits on time"]
[WhiteElo "1643"]
[BlackElo "2457"]
[Opening "French: advance, Euwe variation"]
[ECO "C02"]
[NIC "FR.03"]
[Time "14:02:00"]
[TimeControl "180+0"]

1. e4 e6 2. d4 d5 3. e5 c5 4. c3 Nc6 5. Nf3 Bd7 6. Be2 Rc8 7. O-O a6 8. Bg5
Be7 9. Bxe7 Ngxe7 10. dxc5 Ng6 11. b4 O-O 12. Nbd2 Ncxe5 13. Nxe5 Nxe5 14.
Nb3 Nc4 15. Bxc4 dxc4 16. Nd4 e5 17. Nf3 Qe7 18. Qe2 Rfe8 19. Qxc4 Bb5 20.
Qe4 Bxf1 21. Rxf1 Rcd8 22. g3 g6 23. h4 f5 24. Qc4+ Qf7 25. Qe2 e4 26. Ng5
Qf6 27. Qc4+ Kg7 28. a4 Rd3 29. b5 axb5 30. axb5 h6 31. c6 bxc6 32. bxc6
hxg5 33. hxg5 Qe6 34. Qb5 Qd6 35. Qb7+ Re7 36. Qb5 e3 37. c4 e2 38. Re1 Rd1
{White forfeits on time}
0-1

[Event "ICCopen2016"]
[Site "Internet Chess Club"]
[Date "2016.06.04"]
[Round "1"]
[White "Westbank"]
[Black "Desotojags"]
[Result "1-0"]
[ICCResult "Black checkmated"]
[WhiteElo "2171"]
[BlackElo "1473"]
[Opening "Queen's pawn: Charlick (Englund) gambit"]
[ECO "A40"]
[NIC "QO.17"]
[Time "14:02:44"]
[TimeControl "180+0"]

1. d4 e5 2. dxe5 Nc6 3. Nf3 Qe7 4. Bf4 Qb4+ 5. Bd2 Qxb2 6. Nc3 Nb4 7. Nd4 c5
8. Rb1 Qa3 9. Ndb5 Qa5 10. a3 a6 11. axb4 Qb6 12. bxc5 Qxc5 13. Nd6+ Bxd6
14. exd6 Qxd6 15. e4 Ne7 16. Bd3 O-O 17. O-O Qc7 18. Nd5 Nxd5 19. exd5 d6
20. Qh5 h6 21. Be3 b5 22. Rb4 Bd7 23. Rh4 a5 24. Bxh6 Be8 25. Bxg7 f5 26.
Qh8+ Kf7 27. Qxf8+ Kg6 28. Qf6# {Black checkmated} 1-0